cohdb
Replays
Latest Replays
All Replays
Popular Replays
Top Player Replays
Match Explorer
How It Works
Community
CoH3 Stats
Reddit
Sign in to upload your games and track your stats! →
Sign in with Steam
Match 46557752
Unlisted
Match 46557752
Overview
Messages
Build Orders
End
Kradschützen Motorcycle Team
Panzergrenadier Squad
250 Light Carrier
Panzergrenadier Squad
Construct Light Support Kompanie
MG34 Team
2.5-tonne Medical Truck
Fire Support Elements
Selects Armored Support Battlegroup
Selects Armored Support Battlegroup
Selects Salvage Kits
Pak 38 Mechanized Group
Combat Half-tracks
Construct Mechanized Kompanie
StuG III D Assault Gun
254 Reconnaissance Tractor
StuG III D Assault Gun
2.5-tonne Medical Truck
Panzerjäger Mechanized Group
Construct Panzerarmee Kommand
XuZhongwei
suziQ
Corona With a Lime
tney2349
みんなお疲れ様です
Mutsumi
bjornagain1963
Yukari
0
0
Comments
sign in to comment!
No comments posted yet!